 Dungeon Crawl Stone Soup version 0.28.0-53-g5a82cb258f (webtiles) character file.

Game seed: 2838113101275232737

111 safid the Chopper (level 4, -2/40 HPs)
             Began as a Hill Orc Fighter on Aug 6, 2022.
             Killed from afar by Sigmund (6 damage)
             ... with a magic dart
             ... on level 2 of the Dungeon.
             The game lasted 00:01:47 (1479 turns).

safid the Chopper (Hill Orc Fighter)                Turns: 1479, Time: 00:01:47

Health: -2/40      AC:  7    Str: 20    XL:     4   Next: 92%
Magic:  4/4        EV:  9    Int:  8    God:
Gold:   67         SH:  4    Dex: 10    Spells: 3/3 levels left

rFire   . . .      SeeInvis .   a - +0 war axe
rCold   . . .      Faith    .   c - +0 buckler
rNeg    . . .      Spirit   .   b - +0 scale mail
rPois   .          Reflect  .   (no helmet)
rElec   .          Harm     .   (no cloak)
rCorr   .          Rampage  .   (no gloves)
Will    .....                   (no boots)
Stlth   ..........              (no amulet)
HPRegen 0.13/turn               (no ring)
MPRegen 0.09/turn               (no ring)

@: mighty
A: no striking features
a: no special abilities


You were on level 2 of the Dungeon.
You visited 1 branch of the dungeon, and saw 2 of its levels.

You collected 67 gold pieces.

Inventory:

Hand Weapons
 a - a +0 war axe (weapon)
Missiles
 k - 2 poisoned darts (quivered)
Armour
 b - a +0 scale mail (worn)
 c - a +0 buckler (worn)
Scrolls
 f - a scroll of fear {unknown}
 g - a scroll of noise {unknown}
 h - a scroll of enchant weapon {unknown}
 j - a scroll of fog {unknown}
Potions
 e - a potion of flight {unknown}
 i - a potion of haste {unknown}
 l - a potion of heal wounds {unknown}


   Skills:
 - Level 4.0 Fighting
 + Level 5.0 Axes
 - Level 4.0 Armour
 - Level 4.0 Shields


You had 3 spell levels left.
You didn't know any spells.
Your spell library contained the following spells:

 Spells                   Type           Power      Damage    Failure   Level
 Ensorcelled Hibernation  Hex/Ice        0%         N/A       94%         2
 Spider Form              Tmut/Pois      0%         N/A       99%         3
 Anguish                  Hex/Necr       0%         N/A       100%        4


Dungeon Overview and Level Annotations

Branches:
Dungeon (2/15)

Altars:

Annotations:
D:2 Sigmund


Message History

Sigmund is moderately wounded.
Sigmund barely misses you.
You hit Sigmund.
Sigmund is heavily wounded.
Sigmund hits you with a +0 scythe!
Sigmund is nearby!
Sigmund is nearby!
You feel very mighty all of a sudden. You block Sigmund's attack.
You completely miss Sigmund.
Sigmund is heavily wounded.
Sigmund gestures at you while chanting.
You are confused.
You bump into the rock wall.
Sigmund hits you with a +0 scythe.
You bump into the rock wall.
You slash Sigmund!
Sigmund is severely wounded.
Sigmund hits you but does no damage. Sigmund hits you with a +0 scythe!
You bump into the rock wall.
You feel less confused.
Sigmund mumbles some strange words.
Sigmund flickers and vanishes!
Deactivating autopickup; reactivate with Ctrl-A.
A puff of flame appears from out of thin air!
The puff of flame hits you.
* * * LOW HITPOINT WARNING * * *
A puff of flame appears from out of thin air!
The puff of flame hits you.
* * * LOW HITPOINT WARNING * * *
Something hits you but does no damage.
You hear some strange, mumbled words.
Something tries to affect you, but you resist.
A puff of flame appears from out of thin air!
The puff of flame hits you.
* * * LOW HITPOINT WARNING * * *
There is a stone staircase leading up here.
A magic dart appears from out of thin air!
The magic dart hits you.
You die...

#.#####....## #.# #........###
#.# ####....#.#.### #.#
###.............# #.#
.....).....).##.####.###
..........รทรท.##..##.....
......)......###..#..###
......................##
.......@................
.............###......##
.##........................
..###....{......#......###
##.###...........##........
###............##.....###..##
#.#.#.#.#.#....................
....................####....##>
#.#.#.#.#.#.........#..........


There were no monsters in sight!

Vanquished Creatures
  Jessica (D:2)
  A gnoll (D:1)
  3 adders (D:2)
  A worm (D:2)
  2 dart slugs
  4 endoplasms
  A giant cockroach (D:2)
  7 goblins
  4 hobgoblins
  A jackal (D:2)
  5 kobolds
  3 quokkas
  2 ball pythons (D:1)
  3 bats
  A frilled lizard (D:2)
  A rat (D:1)
  3 toadstools (D:1)
43 creatures vanquished.

Vanquished Creatures (others)
  A toadstool (D:1)
1 creature vanquished.

Grand Total: 44 creatures vanquished

Notes
Turn   | Place    | Note
-------+----------+-------------------------------------------
     0 | D:1      | safid the Hill Orc Fighter began the quest for the Orb.
     0 | D:1      | Reached XP level 1. HP: 19/19 MP: 1/1
   156 | D:1      | Reached XP level 2. HP: 22/27 MP: 2/2
   159 | D:1      | Reached skill level 3 in Axes
   333 | D:1      | Reached XP level 3. HP: 28/33 MP: 3/3
  1086 | D:2      | Found a faded altar of an unknown god.
  1119 | D:2      | Reached XP level 4. HP: 40/40 MP: 4/4
  1216 | D:2      | Noticed Jessica
  1223 | D:2      | Reached skill level 4 in Axes
  1225 | D:2      | Killed Jessica
  1441 | D:2      | Reached skill level 5 in Axes
  1444 | D:2      | Noticed Sigmund
  1479 | D:2      | Killed from afar by Sigmund

Illustrated notes

Levels and vault maps discovered:
D:1:      ldierk_water_garden, layout_basic, corexii_corridor_pit
D:2:      wander_river, layout_rooms, hellmonk_ecumenical_altar_heavens_door,
          st_stairs_10, uniq_jessica, uniq_sigmund, uniq_crazy_yiuf_cottage

Skill      XL: |  1  2  3  4 |
---------------+-------------+-----
Axes           | 3 5 |  5.0
Fighting       | 4 |  4.0
Armour         | 4 |  4.0
Shields        | 4 |  4.0

Action                   |  1- 3 |  4- 6 || total
-------------------------+-------+-------++-------
Melee: War axe           |    77 |    51 ||   128
  Use: Potion            |       |     1 ||     1
Armor: Scale mail        |    44 |    23 ||    67
Dodge: Dodged            |    34 |    29 ||    63
Block: Buckler           |    17 |    11 ||    28
